 Dungeon Crawl Stone Soup version 0.30-a0-634-g8abc85282e (webtiles) character file.

Game seed: 11401591074982605831

83 Fenrisus the Grave Robber (level 4, 0/30 HPs)
             Began as a Mummy Necromancer on Jan 14, 2023.
             Slain by a mummy (12 damage)
             ... in an ossuary.
             The game lasted 00:25:31 (2547 turns).

Fenrisus the Grave Robber (Mummy Necromancer)       Turns: 2547, Time: 00:25:31

Health: 0/30       AC: 12    Str: 16    XL:     4   Next: 22%
Magic:  10/10      EV: 12    Int: 21    God:
Gold:   148        SH:  0    Dex: 20    Spells: 10/11 levels left

rFire   x . .      SeeInvis .    d - +4 spear of Bloodstone {protect, rC- rN+ Str+5 Dex+2}
rCold   . . .      Faith    +    k - orb {light}
rNeg    + + +      Spirit   .    a - +0 robe
rPois   ∞          Reflect  .    (no helmet)
rElec   .          Harm     .    b - +1 cloak
rCorr   .          Rampage  .    c - +0 pair of gloves
Will    .....                    (no boots)
Stlth   +                        (no amulet)
HPRegen 0.25/turn                e - ring of Taploim {Int+5 Dex+6}
MPRegen 0.12/turn                (no ring)

@: marked, under a protective aura, glowing
A: cold resistance 1, negative energy resistance 3, torment resistance 2, heat
vulnerability 1, in touch with death 1, no potions, faith
a: no special abilities


You were in an ossuary.
You visited 1 branch of the dungeon, and saw 4 of its levels.
You also visited: Ossuary.

You collected 148 gold pieces.

Inventory:

Hand Weapons
 d - the +4 spear of Bloodstone (weapon) {protect, rC- rN+ Str+5 Dex+2}
   (You found it on level 2 of the Dungeon)

   Str:       It affects your strength (+5).
   Dex:       It affects your dexterity (+2).
   rC:        It makes you vulnerable to cold.
   rN:        It protects you from negative energy.
Armour
 a - a +0 robe (worn)
 b - a +1 cloak (worn)
 c - a +0 pair of gloves (worn)
 k - an orb of light (worn)
Jewellery
 e - the ring of Taploim (left hand) {Int+5 Dex+6}
   (You acquired it on level 2 of the Dungeon)

   [ring of dexterity]

   Int:       It affects your intelligence (+5).
   Dex:       It affects your dexterity (+6).
Scrolls
 g - a scroll of vulnerability {unknown}
 h - a scroll of identify
 i - 2 scrolls of enchant weapon
 j - a scroll of magic mapping {unknown}


   Skills:
 - Level 1.6 Dodging
 - Level 1.6 Stealth
 + Level 4.3 Spellcasting
 + Level 4.9 Necromancy


You had 10 spell levels left.
You knew the following spells:

 Your Spells              Type           Power      Damage    Failure   Level
a - Necrotise             Necr           100%       1d9       1%          1

Your spell library contained the following spells:

 Spells                   Type           Power      Damage    Failure   Level
 Vampiric Draining        Necr           37%        2d8       4%          3
 Animate Dead             Necr           37%        N/A       16%         4
 Ensorcelled Hibernation  Hex/Ice        8%         N/A       17%         2
 Passwall                 Tmut/Erth      3%         N/A       17%         2
 Dazzling Flash           Conj/Hex       8%         N/A       34%         3
 Swiftness                Air            4%         N/A       34%         3
 Agony                    Necr           37%        N/A       38%         5
 Silence                  Hex/Air        2%         N/A       97%         5


Dungeon Overview and Level Annotations

Branches:
Dungeon (4/15)            Ossuary (1/1)
 Temple: D:4-7

Altars:
Ru


Innate Abilities, Weirdness & Mutations

You are immune to poison.
Your flesh is cold resistant. (rC+)
You are immune to negative energy. (rN+++)
You are immune to unholy pain and torment.
You are vulnerable to heat. (rF-)
You are in touch with the powers of death.
You do not drink.
You have a special connection with the divine. (Faith)


Message History

The centaur zombie kicks you but does no damage.
The centaur zombie hits you. The centaur zombie kicks you.
The mummy enters a dispersal trap!
The centaur zombie blinks!
The hobgoblin zombie blinks!
The centaur zombie blinks!
The mummy blinks!
The centaur zombie blinks!
The hobgoblin zombie blinks!
The centaur zombie blinks!
The hobgoblin zombie blinks!
The centaur zombie blinks!
The hobgoblin zombie blinks!
The mummy blinks!
The mummy enters a dispersal trap!
The centaur zombie blinks!
The mummy blinks! x2
The hobgoblin zombie blinks!
The mummy blinks!
The centaur zombie blinks! x2
You blink.
The mummy blinks!
The centaur zombie blinks!
The mummy hits you.
You completely miss the mummy.
The mummy is lightly damaged.
The mummy misses you.
You hit the mummy.
Your weapon exudes an aura of protection.
The mummy is moderately damaged.
The centaur zombie fails to trigger a net trap.
You hit the mummy.
The mummy is moderately damaged.
The centaur zombie fails to trigger a net trap.
The mummy hits you but does no damage. x2
You hit the mummy.
The mummy is severely damaged.
The mummy hits you but does no damage. The mummy barely misses you.
You hit the mummy.
The mummy is almost destroyed.
The centaur zombie closely misses you. x2; The mummy hits you.
You hit the mummy.
The mummy is moderately damaged.
The centaur zombie hits you.
The centaur zombie kicks you but does no damage.
The mummy barely misses you. x3
The centaur zombie hits you but does no damage.
The centaur zombie closely misses you.
You hit the mummy.
You destroy the mummy!
The centaur zombie misses you.
The centaur zombie kicks you but does no damage.
The mummy hits you!
You die...

###########
###########.#.#.#§#.#
##....@ZZ..^Z.^..§Z...
#....M.M....^Z^.......
#.....∩.∩.^..^...^....
#.........^....^§...^.
##....................
###########.#.#.#.#.
#########


You could see 2 mummies, 2 hobgoblin zombies and 2 centaur zombies.

Vanquished Creatures
  A mummy (Ossuary)
  3 adders
  A worm (D:2)
  A dart slug (D:2)
  3 bats
  6 endoplasms
  2 giant cockroaches (D:3)
  5 goblins
  5 hobgoblins
  2 quokkas (D:1)
  3 ball pythons
  3 frilled lizards
  2 hobgoblin zombies (Ossuary)
  3 kobolds
  6 rats
46 creatures vanquished.

Vanquished Creatures (collateral kills)
  An endoplasm (D:1)
  A goblin (D:3)
2 creatures vanquished.

Grand Total: 48 creatures vanquished

Notes
Turn   | Place    | Note
-------+----------+-------------------------------------------
     0 | D:1      | Fenrisus the Mummy Necromancer began the quest for the Orb.
     0 | D:1      | Reached XP level 1. HP: 13/13 MP: 4/4
   254 | D:1      | Reached XP level 2. HP: 19/19 MP: 2/5
   868 | D:2      | Identified the +4 spear of Bloodstone {protect, rC- rN+
                  | Str+5 Dex+2}
   993 | D:2      | Gained mutation: You are in touch with the powers of death.
                  | [Mummy growth]
   993 | D:2      | Reached XP level 3. HP: 24/24 MP: 0/8
  1400 | D:2      | Identified a scroll of acquirement
  1401 | D:2      | Acquired the ring of Taploim {Int+5 Dex+6}
  1675 | D:3      | Found a sacrificial altar of Ru.
  1702 | D:3      | Reached XP level 4. HP: 30/30 MP: 6/10
  1909 | D:3      | Identified the +1 dagger "Zuhoeclomu" {heavy, Dex+5}
  2513 | D:4      | Found a sand-covered staircase.
  2522 | Ossuary  | Entered an ossuary
  2547 | Ossuary  | Slain by a mummy

Illustrated notes

Levels and vault maps discovered:
D:1:      erik_arrival_blinker_ship, layout_loops_ring
D:2:      layout_loops_ring, amcnicky_mini_corridor_feature
D:3:      layout_basic, tso_altar, nicolae_ru_sacrificial_ziggurat
D:4:      layout_basic, mainiacjoe_overflow_tiny_flanked,
          nicolae_ossuary_entry_ruins
Ossuary:  ossuary_the_hunt_dpeg

Skill      XL: |  1  2  3 |
---------------+----------+-----
Spellcasting   | 3 4 |  4.3
Dodging        | |  1.6
Stealth        | |  1.6
Necromancy     | |  4.9

Action                   |  1- 3 |  4- 6 || total
-------------------------+-------+-------++-------
Melee: Unarmed           |    10 |       ||    10
       Dagger            |     5 |       ||     5
       Spear             |     8 |    22 ||    30
 Cast: Necrotise         |    64 |    12 ||    76
  Use: Scroll            |     5 |     1 ||     6
Armor: Robe              |    14 |    24 ||    38
Dodge: Dodged            |    36 |    27 ||    63

Table legend: (Time is in decaauts)
 A = Elapsed time spent in this place.
 B = Non-inter-level travel time spent in this place.
 C = Inter-level travel time spent in this place.
 D = Time resting spent in this place.
 E = Time spent auto-exploring this place.
 F = Levels seen in this place.
 G = Mean time per level.
                   A        B        C        D        E       F      G
               +--------+--------+--------+--------+--------+-----+--------+
         Total |   2548 |    613 |   1935 |    216 |      0 |   5 |  509.6 |
       Dungeon |   2522 |    587 |   1935 |    216 |      0 |   4 |  630.5 |
       Ossuary |     26 |     26 |      0 |      0 |      0 |   1 |   26.0 |
               +--------+--------+--------+--------+--------+-----+--------+

Top non-repeatable levels by time:
     D:3: 860 daAuts
     D:2: 834 daAuts
     D:1: 801 daAuts
 Ossuary: 26 daAuts
     D:4: 26 daAuts
